 Dungeon Crawl Stone Soup version 0.32-a0-928-g1cae6b7ea0 (webtiles) character file.

Game seed: 3427727962001436144

35 timneilson the Changeling (level 3, -2/23 HPs)
             Began as an Octopode Shapeshifter on Apr 12, 2024.
             Slain by a black bear (3 damage)
             ... on level 2 of the Dungeon.
             The game lasted 00:01:41 (741 turns).

timneilson the Changeling (Octopode Shapeshifter)    Turns: 741, Time: 00:01:41

Health: -2/23      AC:  1    Str: 15    XL:     3   Next: 35%
Magic:  0/3        EV: 12    Int: 12    God:
Gold:   111        SH:  0    Dex: 11    Spells: 2/2 levels left

rFire   . .          .
                       - Unarmed
rCold   . . .        (no shield)
rNeg    . . .        (helmet currently unavailable)
rPois   .            f - amulet of guardian spirit
rElec   .            (no ring)
rCorr   .            (no ring)
SInv    .            (no ring)
Will    .....        (no ring)
Stlth   +++          (no ring)
HPRegen 0.23/turn    (no ring)
MPRegen 0.08/turn    (no ring)
                     (no ring)

%: guardian spirit
@: beast-form
A: beast (slay +1), almost no armour, amphibious, 8 rings, camouflage 1,
gelatinous body 1, (nimble swimmer 1), tentacles
a: Begin Untransformation


You were on level 2 of the Dungeon.
You were a hulking beast.
You visited 1 branch of the dungeon, and saw 2 of its levels.

You collected 111 gold pieces.

Inventory:

Jewellery
 f - an amulet of guardian spirit (around mantle)
Talismans
 b - a beast talisman (active)
 c - a flux talisman
Scrolls
 d - a scroll of identify
 e - a scroll of amnesia
Potions
 a - a potion of lignification


   Skills:
 + Level 1.2 Fighting
 * Level 2.3 Dodging
 + Level 1.2 Stealth
 * Level 3.3 Unarmed Combat
 * Level 3.4 Shapeshifting


You had 2 spell levels left.
You didn't know any spells.
Your spell library contained the following spells:

 Spells                   Type           Power      Damage    Failure   Level
 Vhi's Electric Charge    Tloc/Air       0%         N/A       97%         4
 Arcjolt                  Conj/Air       0%         1d10      100%        5
 Plasma Beam              Fire/Air       0%         2x1d10    100%        6


Dungeon Overview and Level Annotations

Branches:
Dungeon (2/15)

Altars:

Shops:
D:2 !


Innate Abilities, Weirdness & Mutations

You are a hulking beast.
Your limbs bulge with bestial killing power. (Slay +1)
You cannot wear most types of armour.
You are amphibious.
You can wear up to eight rings at the same time.
Your skin changes colour to match your surroundings (Stealth+).
Your rubbery body absorbs attacks. (AC +1, EV +1)
((You are camouflaged when in or above water. (Stealth+)))
You have tentacles for arms and can constrict up to eight enemies at once.


Message History

You kill the jackal!
No target in view!
No target in view!
No target in view!
No target in view!
No target in view!
No target in view!
No target in view!
No target in view!
No target in view!
No target in view!
No target in view!
No target in view!
No target in view!
No target in view!
Magic restored.
HP restored.
Things that are here:
a jackal corpse; a jackal corpse A black bear comes into view.
An endoplasm comes into view.
A ribbon worm comes into view.
Found Vovaof's Distillery.
The black bear growls angrily.
You hear an angry hiss.
You tentacle-slap the black bear. You grab the black bear.
The black bear is lightly wounded.
You constrict the black bear. The black bear bites you.
The black bear misses you. The black bear barely misses you.
You tentacle-slap the black bear.
The black bear is moderately wounded.
You constrict the black bear. The black bear bites you!
The black bear claws you. The black bear barely misses you.
You tentacle-slap the black bear.
The black bear is heavily wounded.
You constrict the black bear. The black bear bites you.
* * * LOW HITPOINT WARNING * * *
The black bear claws you.
* * * LOW HITPOINT WARNING * * *
The black bear claws you.
You die...

#.# #.# #.# #.# #.###
##...## ######.....#
..†..†.....###########
######..#.......hh...#
#.....##########.#
##...## #.# ##.## #.#
#.# #.## #.# #..# #+#
##h# #.# ...


You could see a black bear.

Vanquished Creatures
  3 dart slugs (D:1)
  3 ball pythons (D:1)
  An endoplasm (D:1)
  6 hobgoblins
  7 jackals
  A quokka (D:1)
  A bat (D:1)
  2 frilled lizards (D:1)
  A kobold (D:1)
  A rat (D:1)
26 creatures vanquished.

Notes
Turn   | Place    | Note
-------+----------+-------------------------------------------
     0 | D:1      | timneilson the Octopode Shapeshifter began the quest for
                  | the Orb.
     0 | D:1      | Reached XP level 1. HP: 13/13 MP: 1/1
     2 | D:1      | Noticed a vampire
     2 | D:1      | Noticed a vine stalker
     4 | D:1      | Noticed a human
     4 | D:1      | Noticed a naga
     6 | D:1      | Noticed an armataur
     8 | D:1      | Noticed a tengu
     8 | D:1      | Noticed a draconian
    10 | D:1      | Noticed an elf
    10 | D:1      | Noticed a demigod
    12 | D:1      | Noticed a formicid
    12 | D:1      | Noticed an octopode
    14 | D:1      | Noticed a demonspawn
    14 | D:1      | Noticed a barachi
    16 | D:1      | Noticed an oni
    18 | D:1      | Noticed a ghoul
    20 | D:1      | Noticed a spriggan
    20 | D:1      | Noticed a troll
    22 | D:1      | Noticed a djinni
    24 | D:1      | Noticed a minotaur
    24 | D:1      | Noticed a dwarf
    26 | D:1      | Noticed a felid
    26 | D:1      | Noticed a merfolk
    28 | D:1      | Noticed a gargoyle
    78 | D:1      | Reached XP level 2. HP: 12/18 MP: 2/2
   412 | D:1      | Reached XP level 3. HP: 18/23 MP: 3/3
   443 | D:1      | Reached skill level 1 in Stealth
   722 | D:2      | Noticed a black bear
   724 | D:2      | Found Vovaof's Distillery.
   741 | D:2      | HP: 1/23 [black bear (1)]
   741 | D:2      | Slain by a black bear

Illustrated notes

Levels and vault maps discovered:
D:1:      kb_arrival_jail, layout_basic
D:2:      layout_loops_corners, serial_shops, nicolae_shop_tiny_waterfront,
          nicolae_shop_getting_attention

Skill      XL: |  1  2  3 |
---------------+----------+-----
Stealth        | 1 |  1.2
Fighting       | |  1.2
Dodging        | |  2.3
Unarmed Combat | |  3.3
Shapeshifting  | |  3.4

Action                     || total
---------------------------++-------
  Melee: Unarmed           ||    50
         Constrict         ||    13
         Tentacles         ||     8
         Punch             ||     1
    Use: Scroll            ||     1
   Stab: Sleeping          ||     2
         Distracted        ||     1
 Armour: Skin              ||    25
  Dodge: Dodged            ||    25

Table legend: (Time is in decaauts)
 A = Elapsed time spent in this place.
 B = Non-inter-level travel time spent in this place.
 C = Inter-level travel time spent in this place.
 D = Time resting spent in this place.
 E = Time spent auto-exploring this place.
 F = Levels seen in this place.
 G = Mean time per level.
                   A        B        C        D        E       F      G
               +--------+--------+--------+--------+--------+-----+--------+
         Total |    737 |    703 |     34 |     59 |    482 |   2 |  368.5 |
       Dungeon |    737 |    703 |     34 |     59 |    482 |   2 |  368.5 |
               +--------+--------+--------+--------+--------+-----+--------+

Top non-repeatable levels by time:
     D:1: 663 daAuts
     D:2: 74 daAuts
